 Dungeon Crawl Stone Soup version 0.26.0-16-gc1dbca0489 (console) character file.

Game seed: 11646481071234053612

933 jejorda2 the Cleaver (level 8, -1/71 HPs)
             Began as a Hill Orc Berserker on Jan 18, 2021.
             Was an Elder of Trog.
             Slain by a gnoll
             ... wielding a +0 halberd of venom
              (10 damage)
             ... on level 6 of the Dungeon.
             The game lasted 00:10:19 (4998 turns).

jejorda2 the Cleaver (Hill Orc Berserker)           Turns: 4998, Time: 00:10:20

Health: -1/71      AC: 13    Str: 22    XL:     8   Next: 11%
Magic:  8/8        EV:  7    Int:  7    God:    Trog [****..]
Gold:   317        SH:  0    Dex: 10    Spells: 7/7 levels left

rFire    . . .     SeeInvis .   a - +2 war axe (freeze)
rCold    . . .     Faith    .   (no shield)
rNeg     . . .     Spirit   .   b - +0 plate armour
rPois    .         Reflect  .   (no helmet)
rElec    .         Harm     .   (no cloak)
rCorr    .         Rampage  .   q - +0 pair of gloves
Will     .....                  (no boots)
Stlth    ..........             z - amulet of the acrobat
HPRegen  0.21/turn              (no ring)
MPRegen  0.11/turn              (no ring)

@: berserk cooldown, slowed, very slow
A: no striking features
a: Renounce Religion, Berserk, Trog's Hand, Brothers in Arms


You were on level 6 of the Dungeon.
You worshipped Trog.
Trog was greatly pleased with you.
You visited 1 branch of the dungeon, and saw 6 of its levels.

You collected 317 gold pieces.

Inventory:

Hand Weapons
 a - a +2 war axe of freezing (weapon)
 l - a +0 flail
Missiles
 o - 48 poisoned darts (quivered)
Armour
 b - a +0 plate armour (worn)
 j - a +1 ring mail of fire resistance
 q - a +0 pair of gloves (worn)
Jewellery
 h - an uncursed ring of fire
 y - an uncursed ring of ice
 z - an amulet of the acrobat (around neck)
Wands
 u - a wand of iceblast (9)
 x - a wand of polymorph (7)
Scrolls
 c - a scroll of blinking
 f - 10 scrolls of identify
 g - a scroll of teleportation
 n - a scroll of enchant weapon
 t - 2 scrolls of remove curse
Potions
 d - 2 potions of mutation {unknown}
 e - a potion of curing {unknown}
 i - a potion of berserk rage {unknown}
 k - 4 potions of attraction {unknown}
 m - a potion of brilliance {unknown}
 p - 5 potions of haste
 r - a potion of resistance {unknown}
 s - 2 potions of flight {unknown}
 v - 3 potions of lignification
 w - a potion of heal wounds {unknown}


   Skills:
 + Level 6.4 Fighting
 * Level 9.3 Axes
 + Level 5.3 Armour
 - Level 1.5 Dodging


You had 7 spell levels left.
You didn't know any spells.
Your spell library was empty.

Dungeon Overview and Level Annotations

Branches:
Dungeon (6/15)             Temple (0/1) D:4

Altars:
Cheibriados
Hepliaklqana
Kikubaaqudgha
Makhleb
Sif Muna
Uskayaw
Wu Jian
Xom

Shops:
D:4 *


Message History

You hit the gnoll sergeant. You freeze the gnoll sergeant.
You closely miss the gnoll.
The orc throws a boomerang.
The boomerang hits you but does no damage.
The weapon returns to the orc!
The gnoll hits you with a +0 spear. The gnoll hits you but does no damage.
The gnoll sergeant hits you with a +0 trident!
* * * LOW HITPOINT WARNING * * *
The orc throws a boomerang.
The boomerang hits you but does no damage.
The weapon returns to the orc!
The gnoll hits you but does no damage. x3
Your two-headed ogre goes berserk!
The gnoll hits you with a +0 flail.
* * * LOW HITPOINT WARNING * * *
The gnoll sergeant hits you with a +0 trident.
* * * LOW HITPOINT WARNING * * *
The orc throws a boomerang.
The boomerang completely misses you.
The weapon returns to the orc!
The gnoll hits you but does no damage. The gnoll closely misses you.
The gnoll hits you with a +0 halberd of venom!
You die...

############
.........>.# #
#......o##g##..###
#<.)@gO.....
#....#gg##.....
####.#g## ..!
#.#.# . #....
#####


You could see a gnoll sergeant, 4 gnolls, an orc and a friendly two-headed ogre
(summoned, berserk).

Vanquished Creatures
  An orc warrior (D:6)
  A sky beast (D:4)
  A centaur (D:5)
  A scorpion (D:5)
  A howler monkey (D:5)
  5 orc wizards
  2 hounds (D:5)
  Natasha (thrice) (D:3)
  Ijyb (D:3)
  A worker ant (D:5)
  An iguana (D:4)
  2 adders
  5 gnolls
  A white imp (D:5)
  An ufetubus (D:5)
  2 oozes
  7 worms
  3 dart slugs
  2 leopard geckos (D:1)
  14 orcs
  4 bats
  7 giant cockroaches
  14 goblins
  7 hobgoblins
  3 jackals (D:2)
  14 kobolds
  5 quokkas
  A ball python (D:4)
  5 frilled lizards
  A jackal zombie (D:5)
  9 rats
125 creatures vanquished.

Notes
Turn   | Place    | Note
-------+----------+-------------------------------------------
     0 | D:1      | jejorda2 the Hill Orc Berserker began the quest for the
                  | Orb.
     0 | D:1      | Reached XP level 1. HP: 19/19 MP: 1/1
   247 | D:1      | Reached XP level 2. HP: 24/27 MP: 2/2
   972 | D:2      | Reached XP level 3. HP: 31/33 MP: 3/3
  1100 | D:2      | Reached ** piety under Trog
  1101 | D:2      | Reached skill level 5 in Axes
  1438 | D:2      | Found a hazy altar of Hepliaklqana.
  1628 | D:2      | Found an iron altar of Okawaru.
  1630 | D:2      | Found an ornate altar of the Wu Jian Council.
  1630 | D:2      | Found an ornate altar of the Wu Jian Council.
  1632 | D:2      | Found a shimmering altar of Xom.
  1632 | D:2      | Found a hide-covered altar of Uskayaw.
  1632 | D:2      | Found an ancient bone altar of Kikubaaqudgha.
  1733 | D:3      | Reached XP level 4. HP: 40/40 MP: 4/4
  1876 | D:3      | Reached XP level 5. HP: 42/47 MP: 5/5
  1880 | D:3      | Reached skill level 6 in Axes
  2165 | D:3      | Noticed Ijyb
  2171 | D:3      | Reached *** piety under Trog
  2179 | D:3      | Killed Ijyb
  2695 | D:3      | Found a faded altar of an unknown god.
  2695 | D:3      | Found a shimmering blue altar of Sif Muna.
  2700 | D:3      | Found a faded altar of an unknown god.
  2702 | D:3      | Found a burning altar of Makhleb.
  2703 | D:3      | Found a snail-covered altar of Cheibriados.
  2789 | D:3      | Noticed Natasha
  2798 | D:3      | Killed Natasha
  2799 | D:3      | Reached XP level 6. HP: 34/55 MP: 6/6
  3076 | D:3      | Noticed Natasha
  3081 | D:3      | Killed Natasha
  3082 | D:3      | Reached skill level 5 in Fighting
  3233 | D:3      | Found a faded altar of an unknown god.
  3233 | D:3      | Found a shimmering blue altar of Sif Muna.
  3238 | D:3      | Found a faded altar of an unknown god.
  3240 | D:3      | Found a burning altar of Makhleb.
  3242 | D:3      | Found a snail-covered altar of Cheibriados.
  3332 | D:3      | Noticed Natasha
  3341 | D:3      | Killed Natasha
  3342 | D:3      | Reached skill level 7 in Axes
  3486 | D:4      | Noticed a sky beast
  3503 | D:4      | Killed a sky beast
  3742 | D:4      | Found a staircase to the Ecumenical Temple.
  3863 | D:4      | Found Cohua's Lightly-Used Armoury.
  3931 | D:4      | You fall into a shaft and drop 1 floor!
  3931 | D:5      | Entered Level 5 of the Dungeon
  3949 | D:5      | Reached XP level 7. HP: 60/61 MP: 7/7
  4110 | D:5      | Reached **** piety under Trog
  4111 | D:5      | Reached skill level 8 in Axes
  4695 | D:5      | Reached skill level 5 in Armour
  4989 | D:6      | Reached skill level 9 in Axes
  4994 | D:6      | Reached XP level 8. HP: 53/70 MP: 8/8
  4998 | D:6      | Slain by a gnoll

Illustrated notes

Levels and vault maps discovered:
D:1:      amcnicky_arrival_double_pillar, layout_basic
D:2:      layout_rooms, general_overflow_altar, doesnt_xom_only_xom
D:3:      kennysheep_the_goblin_king, layout_rooms,
          chequers_temple_overflow_minitemple, hangedman_abyss_or_decor_stabs,
          uniq_natasha
D:4:      layout_cave_pools, minmay_temple_entry_stoned_glass,
          chequers_serial_rivers_micro_e, hangedman_abyss_or_decor_stagger,
          minmay_shop_damaged
D:5:      layout_basic, kennysheep_generic_room_11
D:6:      layout_rooms, yredelemnul_altar_generic,
          lemuel_coloured_pillars_altar, grunt_ministairs_8,
          minmay_misc_feat_room

Skill      XL: |  1  2  3  4  5  6  7 |
---------------+----------------------+-----
Fighting       | 4 5 6 |  6.4
Axes           | 5 6 7 9 |  9.3
Armour         | 3 4 5 |  5.3
Dodging        | |  1.5

Action                   |  1- 3 |  4- 6 |  7- 9 || total
-------------------------+-------+-------+-------++-------
Melee: Hand axe          |   129 |       |       ||   129
       War axe           |    10 |   162 |    54 ||   226
Invok: Berserk           |     2 |       |     1 ||     3
       Brothers in Arms  |       |       |     1 ||     1
  Use: Scroll            |       |     7 |     2 ||     9
Armor: Ring mail         |    40 |    49 |       ||    89
       Animal skin       |     1 |       |       ||     1
       Plate armour      |       |    36 |    44 ||    80
Dodge: Dodged            |    92 |    84 |    31 ||   207
